 Dungeon Crawl Stone Soup version 0.25-a0-482-g9b3b753f3f (webtiles) character file.

Game seed: 10657973057835843190, levelgen mode: deterministic

7898 ICC the Grappler (level 11, -2/52 HPs)
             Began as a Vine Stalker Fighter on Feb 10, 2020.
             Was a Believer of Wu Jian.
             Slain by an orc warrior
             ... wielding a +0 flail
              (6 damage)
             ... on level 12 of the Dungeon.
             The game lasted 00:33:46 (5752 turns).

ICC the Grappler (Vine Stalker Fighter)             Turns: 5752, Time: 00:33:47

Health: -2/52      AC:  9    Str: 25 (27) XL:     11   Next: 22%
Magic:  0/33       EV: 12    Int: 13      God:    Wu Jian [**....]
Gold:   382        SH:  0    Dex: 11 (14) Spells: 26/26 levels left

rFire    . . .     SeeInvis .     - Unarmed
rCold    + . .     Gourm    .   (no shield)
rNeg     . . .     Faith    .   K - +3 leather armour of Shadows and Fog {rC+ Str+5}
rPois    .         Spirit   +   (no helmet)
rElec    .         Reflect  .   p - +0 cloak
rCorr    .         Harm     .   L - +0 pair of gloves (curse)
MR       ++...                  h - +0 pair of boots
Stlth    +.........             g - amulet of regeneration
HPRegen  0.97/turn              v - ring of protection from magic
MPRegen  0.23/turn              s - ring of magical power

@: brilliant, lethally poisoned (-2 -> -3), very slightly contaminated,
invisible
A: fangs 3, regeneration 1, magic shield, antimagic bite, no potion heal 3, rot
immunity
a: Wall Jump, Renounce Religion


You were on level 12 of the Dungeon.
You worshipped Wu Jian.
Wu Jian was pleased with you.
You were not hungry.

You visited 2 branches of the dungeon, and saw 11 of its levels.
You also visited: Ossuary.

You collected 564 gold pieces.
You spent 182 gold pieces at shops.

Inventory:

Missiles
 f - 209 stones
 m - 9 boomerangs (quivered)
 q - 5 atropa-tipped darts
Armour
 h - a +0 pair of boots (worn)
 p - a +0 cloak (worn)
 K - the +3 leather armour of Shadows and Fog (worn) {rC+ Str+5}
   (You bought it in a shop on level 6 of the Dungeon)

   It affects your strength (+5).
   It protects you from cold.
   If you remove this armour, your AC will decrease by 6 (9 -> 3).
 L - a cursed +0 pair of gloves (worn)
Jewellery
 g - an amulet of regeneration (around neck)
 s - a ring of magical power (right hand)
 v - a ring of protection from magic (left hand)
 z - an uncursed ring of positive energy
Wands
 a - a wand of paralysis (12)
 c - a wand of digging (7)
 A - a wand of random effects (36)
 M - a wand of polymorph (9)
Scrolls
 i - a scroll of noise {unknown}
 j - 3 scrolls of fear {unknown}
 l - a scroll of enchant armour {unknown}
 o - 2 scrolls of amnesia {unknown}
 r - 2 scrolls of enchant weapon {unknown}
 t - 5 scrolls of teleportation {unknown}
 w - 11 scrolls of identify {unknown}
 y - 2 scrolls of fog {unknown}
 B - 3 scrolls of random uselessness {unknown}
 C - 5 scrolls of immolation {unknown}
 D - 3 scrolls of magic mapping {unknown}
 N - 3 scrolls of remove curse {unknown}
Potions
 e - 2 potions of flight
 k - a potion of degeneration
 n - a potion of heal wounds
 u - 3 potions of curing
 x - 2 potions of haste
 F - a potion of might
 G - 3 potions of brilliance
 H - 2 potions of agility
Comestibles
 b - 2 chunks of flesh
 d - 19 rations


   Skills:
 - Level 3.1 Fighting
 - Level 3.0 Armour
 - Level 3.1 Dodging
   Level 2.6 Shields
 + Level 13.7 Unarmed Combat
 - Level 8.0 Spellcasting


You had 26 spell levels left.
You didn't know any spells.
Your spell library contained the following spells:

 Spells                   Type           Power        Failure   Level  Hunger
 Magic Dart               Conj           ##..         1%          1    None
 Searing Ray              Conj           ##....       2%          2    None
 Dazzling Flash           Conj/Hex       ##....       5%          3    ##.....
 Fulminant Prism          Conj/Hex       ##........   16%         4    ####...
 Iskenderun's Mystic Bla  Conj/Tloc      ##......     16%         4    ####...


Dungeon Overview and Level Annotations

Branches:
Dungeon (9/15)             Temple (1/1) D:7            Lair (0/6) D:8
    Orc (0/2) D:12        Ossuary (visited)

Altars:
Ashenzari
Cheibriados
Dithmenos
Elyvilon
Fedhas
Gozag
Hepliaklqana
Kikubaaqudgha
Makhleb
Nemelex Xobeh
Okawaru
Qazlal
Ru
Sif Muna
Trog
Uskayaw
Vehumet
Wu Jian
Xom
Yredelemnul
Zin
The Shining One

Shops:
D:6 *

Annotations:
D:3 2 transporters, Notrik's ghost, amateur HOFi
D:4 3 runed translucent doors, Beaer's ghost, amateur DDFi


Innate Abilities, Weirdness & Mutations

You have razor-sharp teeth.
Your natural rate of healing is unusually fast.
When hurt, damage is shared between your health and your magic reserves.
Your bite disrupts and absorbs the magic of your enemies.
Potions cannot restore your health.
You are immune to rotting.


Message History

You feel sick. The orc warrior completely misses you.
You barely miss the orc warrior.
The orc warrior is severely wounded.
You feel sick.
The orc warrior hits you with a +0 flail!
* * * LOW HITPOINT WARNING * * *
A two-headed ogre comes into view.
It is wielding a +0 dire flail and a +0 giant spiked club.
You fade into invisibility!
You feel sick.
An orc priest comes into view. It is wielding a +0 hand axe.
You are very lightly contaminated with residual magic.
You feel sick.
You see here a killer bee corpse.
You catch the helpless orc warrior completely off-guard!
You hit the orc warrior. Your bite misses the orc warrior.
The orc warrior is severely wounded.
You feel sick. The orc warrior completely misses you.
You closely miss the orc priest. Your bite misses the orc priest.
The orc warrior hits you with a +0 flail!
You die...

##.#.#.#. #.#)#.#.# #.
##.#.#.#. #.#. #.#.#.#.#
#.#?# ######.#.#.#.#
#.#.# #...>...#.#.#.#
#.#.#
###......#.#.#.#.#.#.#
..........#.#.#.#o#o#
.........#.#.#.#@#)#
..........#.#.#.#o#
.......#.#.#.#.#.#o#
........#.#.#.#.#.#.#
##.....#.#.#.#.#.#.#.#
#......#.#.#.#.#.#.#.#
#.....#.#.#.#.#.#.#.#.#
#.....'#.#.#.#.#.#.#.#.#
#.....##################


You could see an orc warrior and 2 orc priests.

Vanquished Creatures
  A two-headed ogre (D:12)
  An ugly thing (D:12)
  Maurice (D:12)
  An elephant (D:8)
  A centaur zombie (D:12)
  2 hornets
  2 trolls (D:12)
  Eustachio (D:6)
  6 yaks
  A basilisk (D:8)
  2 hungry ghosts (D:7)
  Menkaure (D:6)
  An acid dragon (D:12)
  Edmund (D:6)
  A soldier ant (D:8)
  A water moccasin (D:8)
  A black bear (D:6)
  A sky beast (D:12)
  2 phantoms
  4 ogres
  A crocodile (D:8)
  2 centaurs
  7 bullfrogs
  A scorpion (D:7)
  9 killer bees (D:12)
  4 wights (D:7)
  A howler monkey (D:12)
  2 crimson imps
  A human zombie (Ossuary)
  2 bullfrog zombies
  2 hounds
  3 orc priests
  3 jellies
  3 iguanas
  7 orc wizards
  Natasha (thrice) (D:2)
  4 worker ants
  3 hound zombies
  A hound skeleton (D:7)
  4 mummies (Ossuary)
  4 gnolls (D:2)
  4 adders
  A shadow imp (D:5)
  An ooze (D:2)
  An adder zombie (Ossuary)
  A worm (D:2)
  2 dart slugs (D:1)
  4 leopard geckos
  22 orcs
  6 giant cockroaches
  3 goblins
  2 hobgoblins (D:2)
  10 jackals
  3 quokkas
  7 bats
  3 frilled lizards
  3 hobgoblin zombies (Ossuary)
  7 kobolds
  2 kobold zombies (Ossuary)
  2 orc zombies (Ossuary)
  5 rats
  A rat zombie (Ossuary)
189 creatures vanquished.

Notes
Turn   | Place    | Note
-------+----------+-------------------------------------------
     0 | D:1      | ICC the Vine Stalker Fighter began the quest for the Orb.
     0 | D:1      | Reached XP level 1. HP: 11/11 MP: 2/2
   201 | D:1      | Reached XP level 2. HP: 16/16 MP: 3/3
   288 | D:1      | Reached skill level 3 in Unarmed Combat
   783 | D:2      | Noticed Natasha
   797 | D:2      | Killed Natasha
   797 | D:2      | Reached skill level 1 in Spellcasting
   797 | D:2      | Reached XP level 3. HP: 5/20 MP: 1/6
   808 | D:2      | Found an iron altar of Okawaru.
   813 | D:2      | Gained mutation: Your natural rate of healing is unusually
                  | fast. [Vine Stalker growth]
   813 | D:2      | Reached XP level 4. HP: 5/24 MP: 2/7
  1012 | D:2      | Reached skill level 4 in Unarmed Combat
  1012 | D:2      | Reached XP level 5. HP: 7/28 MP: 3/9
  1063 | D:2      | Noticed Natasha
  1069 | D:2      | Killed Natasha
  1376 | D:2      | Noticed Natasha
  1387 | D:2      | Killed Natasha
  1567 | D:3      | Found a burning altar of Makhleb.
  1593 | D:3      | Noticed Notrik's ghost (amateur HOFi)
  1600 | D:3      | Found a transporter.
  1650 | D:3      | Found a transporter.
  2138 | D:4      | Found a runed translucent gate.
  2138 | D:4      | Found a runed translucent gate.
  2138 | D:4      | Found a runed translucent gate.
  2143 | D:4      | Noticed Beaer's ghost (amateur DDFi)
  2507 | D:4      | Reached XP level 6. HP: 32/32 MP: 10/10
  2681 | D:5      | Entered Level 5 of the Dungeon
  3049 | D:5      | Reached skill level 5 in Unarmed Combat
  3153 | D:5      | Found a radiant altar of Vehumet.
  3390 | D:6      | Found Alizipla's Assorted Antiques.
  3435 | D:6      | Noticed a phantom
  3437 | D:6      | Noticed Menkaure
  3474 | D:5      | Killed a phantom
  3474 | D:5      | Reached skill level 6 in Unarmed Combat
  3474 | D:5      | Reached XP level 7. HP: 25/36 MP: 7/12
  3564 | D:6      | Noticed Edmund
  3585 | D:6      | Killed Edmund
  3585 | D:6      | Reached skill level 7 in Unarmed Combat
  3657 | D:6      | Gained mutation: You have razor-sharp teeth. [Vine Stalker
                  | growth]
  3657 | D:6      | Reached XP level 8. HP: 38/40 MP: 13/13
  3713 | D:6      | Noticed Eustachio
  3723 | D:6      | Reached skill level 8 in Unarmed Combat
  3733 | D:6      | Killed Eustachio
  3970 | D:6      | Killed Menkaure
  3973 | D:6      | Bought a crude leather armour for 182 gold pieces
  3983 | D:6      | Identified the +3 leather armour of Shadows and Fog {rC+
                  | Str+5} (You bought it in a shop on level 6 of the Dungeon)
  4079 | D:7      | Reached skill level 9 in Unarmed Combat
  4100 | D:7      | Reached skill level 5 in Spellcasting
  4142 | D:7      | Reached XP level 9. HP: 38/44 MP: 18/18
  4377 | D:7      | Found a staircase to the Ecumenical Temple.
  4383 | Temple   | Entered the Ecumenical Temple
  4407 | Temple   | Became a worshipper of the Wu Jian Council
  4514 | D:7      | Reached skill level 10 in Unarmed Combat
  4684 | D:8      | Found a sand-covered staircase.
  4706 | Ossuary  | Entered an ossuary
  4984 | D:8      | Found a staircase to the Lair.
  4984 | D:8      | Noticed an elephant
  5019 | D:8      | Killed an elephant
  5044 | D:8      | Reached XP level 10. HP: 28/49 MP: 20/23
  5049 | D:8      | Reached * piety under Wu Jian
  5049 | D:8      | Reached skill level 11 in Unarmed Combat
  5302 | D:8      | Paralysed by a hornet for 2 turns
  5305 | D:8      | Paralysed by a hornet for 3 turns
  5308 | D:8      | Reached skill level 1 in Dodging
  5435 | D:9      | Found a snail-covered altar of Cheibriados.
  5436 | D:9      | You fall into a shaft and drop 3 floors!
  5494 | D:12     | Noticed Maurice
  5519 | D:12     | Killed Maurice
  5519 | D:12     | Reached skill level 12 in Unarmed Combat
  5611 | D:12     | Found a staircase to the Orcish Mines.
  5614 | D:12     | Noticed a purple ugly thing
  5641 | D:12     | Killed a purple ugly thing
  5689 | D:12     | Reached ** piety under Wu Jian
  5693 | D:12     | Reached skill level 13 in Unarmed Combat
  5693 | D:12     | Reached XP level 11. HP: 51/52 MP: 24/24
  5699 | D:12     | Noticed a two-headed ogre
  5720 | D:12     | Killed a two-headed ogre
  5748 | D:12     | Noticed a two-headed ogre
  5752 | D:12     | Slain by an orc warrior

Levels and vault maps discovered:
D:1:      minmay_arrival_hallway, layout_loops_ring
D:2:      layout_basic, hex_large, okawaru_trees_2, uniq_natasha
D:3:      layout_loops_ring, first_ration, gammafunk_ghost_arena, bloody_makhleb
D:4:      layout_basic, gammafunk_ghost_necromancy
D:5:      layout_loops_ring, lemuel_tele_altar
D:6:      layout_rooms, serial_shops, shop, uniq_menkaure, uniq_eustachio,
          uniq_edmund
D:7:      layout_cave_pools, minmay_temple_entry_enclosed_plants
D:8:      layout_cave_pools, david_lair_generic, nicolae_ossuary_entry_ruins,
          hangedman_pestilent_swarm, minmay_misc_feat_chi
D:9:      layout_cross, slow_altar_1, minivault_24, uniq_erica
D:12:     layout_basic, uniq_maurice, uniq_sonja
Temple:   nicolae_temple_the_god_donut

Skill      XL: |  1  2  3  4  5  6  7  8  9 10 |
---------------+-------------------------------+-----
Unarmed Combat | 3 4 6 7 9 10 13 | 13.7
Fighting       | 3 |  3.1
Spellcasting   | 1 2 3 5 8 |  8.0
Armour         | 3 |  3.0
Dodging        | 3 |  3.1
Shields        | |  2.6

Action                   |  1- 3 |  4- 6 |  7- 9 | 10-12 || total
-------------------------+-------+-------+-------+-------++-------
Melee: Unarmed           |    66 |   170 |   256 |   204 ||   696
       Bite              |    15 |    39 |    88 |    55 ||   197
       Punch             |       |     2 |    13 |    12 ||    27
Throw: Stone             |     3 |     4 |       |       ||     7
       Boomerang         |       |     9 |    31 |    14 ||    54
       Dart              |       |       |     4 |       ||     4
Invok: Lunge             |       |       |     7 |    10 ||    17
       Whirlwind         |       |       |       |     5 ||     5
Evoke: Wand              |       |     2 |     6 |     3 ||    11
  Use: Potion            |     3 |     1 |     1 |     8 ||    13
 Stab: Invisible         |       |     2 |     2 |     1 ||     5
       Sleeping          |       |     1 |       |       ||     1
       Paralysed         |       |       |     2 |       ||     2
  Eat: Chunk             |       |     8 |     4 |     3 ||    15
       Ration            |       |       |     1 |       ||     1
Armor: Scale mail        |    38 |    95 |    28 |       ||   161
       Leather armour    |       |       |    58 |    41 ||    99
       Skin              |       |       |       |    30 ||    30
Dodge: Dodged            |    39 |   103 |   103 |    69 ||   314

Table legend:
 A = Non-vault XP
 B = Vault XP
 C = Vault XP percentage of total XP
 D = Non-vault monster count
 E = Vault monster count
 F = Vault count percentage of total count
                 A         B        C        D         E       F
            +---------+---------+-------+---------+---------+-------
      Total |    8563 |    2721 |  24.1 |     160 |      29 |  15.3
            +---------+---------+-------+---------+---------+-------
        D:1 |      30 |       0 |   0.0 |      17 |       0 |   0.0
        D:2 |     213 |      35 |  14.1 |      31 |       1 |   3.1
        D:3 |       5 |       0 |   0.0 |       4 |       0 |   0.0
        D:4 |      52 |       0 |   0.0 |       7 |       0 |   0.0
        D:5 |     267 |       0 |   0.0 |      10 |       0 |   0.0
        D:6 |     784 |     525 |  40.1 |      21 |       3 |  12.5
        D:7 |    1349 |       0 |   0.0 |      24 |       0 |   0.0
        D:8 |     555 |    1490 |  72.9 |       9 |       8 |  47.1
        D:9 |     335 |       0 |   0.0 |       4 |       0 |   0.0
       D:12 |    4973 |     496 |   9.1 |      33 |       1 |   2.9
    Ossuary |       0 |     175 | 100.0 |       0 |      16 | 100.0
            +---------+---------+-------+---------+---------+-------
